[Event "FIDE-Online-Steinitz-Memorial-Women"]
[White "Cori T., Deysi"]
[Black "Khademalsharieh, Sarasadat"]
[Site "Internet"]
[Round "16"]
[Annotator "RC"]
[Result "0-1"]
[Date "2020.05.17"]
[WhiteElo "2391"]
[BlackElo "2431"]
[PlyCount "78"]
[TimeControl "180+2"]

1. d4 Nf6 2. Nf3 d5 3. c4 e6 4. e3 a6 5. Nbd2 c5 6. cxd5 Nxd5 7. Be2 Nc6 8. 0-0 cxd4 9. exd4 Be7 10. Ne4 0-0 11. a3 b6 12. Qb3 Bb7 13. Rd1 Rc8 14. Qa2 Bf6 15. Nxf6+ Qxf6 16. Bg5 Qg6 17. Qb1 f5 18. Qd3 h6 19. Bd2 Rfd8 20. Rac1 Qf6 21. Qb3 b5 22. h3 Nb6 23. Bc3 Nd5 24. Bd2 Rc7 25. Qa2 Rcd7 26. Qb1 Nb6 27. Be3 f4 28. Bd2 Nxd4 29. Nxd4 Rxd4 30. Bc3 Qg5 31. f3 Rxd1+ 32. Rxd1 Nd5 33. Ba5 Re8 34. Bb6 Nxb6 35. Rd6 Nd5 36. Rd7 Ne3 37. Bf1 Bxf3 38. h4 Qg3 39. Qd3 Bxg2 0-1

[Event "FIDE-Online-Steinitz-Memorial-Women"]
[White "Tan, Zhongyi"]
[Black "Abdumalik, Zhansaya"]
[Site "Internet"]
[Round "17"]
[Annotator "RC"]
[Result "1-0"]
[Date "2020.05.17"]
[WhiteElo "2510"]
[BlackElo "2409"]
[PlyCount "147"]
[TimeControl "180+2"]

1. d4 Nf6 2. c4 g6 3. Nc3 d5 4. cxd5 Nxd5 5. g3 Bg7 6. Bg2 Nb6 7. Nf3 0-0 8. 0-0 N8d7 9. e4 e5 10. d5 Nc4 11. b3 Nd6 12. Ba3 a6 13. Nd2 f5 14. Nc4 Qf6 15. Nxd6 cxd6 16. Rc1 f4 17. Na4 Rb8 18. Rc7 b5 19. Bh3 Rd8 20. Rc6 bxa4 21. Bxd6 Bb7 22. Bxb8 Bxc6 23. dxc6 Qxc6 24. Qd6 Qxd6 25. Bxd6 axb3 26. Be6+ Kh8 27. Bxb3 Nb8 28. Be7 Re8 29. Rc1 Nd7 30. Bd6 fxg3 31. hxg3 Nf6 32. f3 Nh5 33. Kg2 Rd8 34. Rc6 a5 35. Ra6 h6 36. Bd5 Nf6 37. Bb3 Ne8 38. Bc5 Rd2+ 39. Kf1 Nf6 40. Rxa5 g5 41. g4 h5 42. Be6 hxg4 43. fxg4 Kh7 44. Bf5+ Kh6 45. Ra6 Rd1+ 46. Ke2 Ra1 47. Be7 Bh8 48. Bxf6 Bxf6 49. Rxf6+ Kg7 50. Ra6 Kf7 51. Kd3 Rc1 52. a4 Ke7 53. a5 Kd8 54. Rd6+ Kc7 55. Re6 Rd1+ 56. Kc4 Rc1+ 57. Kd5 Ra1 58. a6 Ra5+ 59. Kc4 Kb8 60. Kb4 Ra1 61. Kb5 Rb1+ 62. Kc6 Rd1 63. Rxe5 Ka7 64. Bc8 Rc1+ 65. Kd7 Re1 66. Bb7 Rg1 67. Rxg5 Rd1+ 68. Ke7 Re1 69. e5 Rh1 70. e6 Rh7+ 71. Kf6 Rh6+ 72. Rg6 Rh2 73. e7 Re2 74. Kf7 1-0

[Event "FIDE-Online-Steinitz-Memorial-Women"]
[White "Stefanova, Antoaneta"]
[Black "Sebag, Marie"]
[Site "Internet"]
[Round "17"]
[Annotator "RC"]
[Result "1/2-1/2"]
[Date "2020.05.17"]
[WhiteElo "2485"]
[BlackElo "2482"]
[PlyCount "132"]
[TimeControl "180+2"]

1. Nf3 d5 2. g3 Nf6 3. Bg2 g6 4. 0-0 Bg7 5. d4 0-0 6. Bf4 c6 7. Qc1 Bf5 8. c4 Nbd7 9. Rd1 Ne4 10. h3 Qb6 11. c5 Qa6 12. Bf1 b6 13. b4 bxc5 14. bxc5 Ndxc5 15. e3 Qb7 16. g4 Be6 17. Be5 Nd7 18. Bxg7 Kxg7 19. Nc3 c5 20. Nxe4 dxe4 21. dxc5 Rac8 22. Qc3+ Kg8 23. Nd4 Nxc5 24. Qa3 Rc7 25. Rab1 Qa8 26. Nb5 Rcc8 27. Rdc1 Nd3 28. Nc7 Rxc7 29. Rxc7 Ne5 30. Qxe7 Nf3+ 31. Kh1 Qd5 32. Bg2 h5 33. Bxf3 exf3 34. Qh4 hxg4 35. hxg4 Kg7 36. Kg1 Rh8 37. Qg3 Qg5 38. Rb4 Qd5 39. Rd4 Qxa2 40. Qe5+ Kh7 41. Qh2+ Kg7 42. Qe5+ Kh7 43. g5 Qb1+ 44. Kh2 Kg8+ 45. Kg3 Rh3+ 46. Kf4 Rh4+ 47. Kxf3 Rh3+ 48. Kf4 Rh4+ 49. Kf3 Rh3+ 50. Kf4 Kh7 51. Qxe6 Rh4+ 52. Ke5 Qb5+ 53. Rd5 Qb2+ 54. Kd6 Qb6+ 55. Rc6 Qb4+ 56. Rdc5 fxe6 57. Rc7+ Kg8 58. Rc8+ Kf7 59. R8c7+ Ke8 60. Rc8+ Kf7 61. R8c7+ Kg8 62. Rc8+ Kh7 63. R8c7+ Kh8 64. Rc8+ Kg7 65. R8c7+ Kf8 66. Rc8+ Kf7 1/2-1/2

[Event "FIDE-Online-Steinitz-Memorial-Women"]
[White "Khademalsharieh, Sarasadat"]
[Black "Paehtz, Elisabeth"]
[Site "Internet"]
[Round "17"]
[Annotator "RC"]
[Result "0-1"]
[Date "2020.05.17"]
[WhiteElo "2431"]
[BlackElo "2396"]
[PlyCount "150"]
[TimeControl "180+2"]

1. Nf3 Nf6 2. c4 g6 3. d4 Bg7 4. g3 0-0 5. Bg2 d6 6. 0-0 Nc6 7. Nc3 e5 8. dxe5 dxe5 9. Bg5 Be6 10. Qa4 Qc8 11. Nd2 Nd7 12. Qc2 f6 13. Be3 f5 14. Nd5 Kh8 15. Nb3 e4 16. Rad1 Nde5 17. Nc5 Bg8 18. h3 b6 19. Nb3 a5 20. f3 exf3 21. exf3 Bxd5 22. cxd5 Nb4 23. Qb1 Nc4 24. Bd4 Qd7 25. Qc1 Bxd4+ 26. Rxd4 Nd6 27. a3 Na6 28. Rfd1 Rae8 29. Qc3 Nb5 30. Qd3 Nxd4 31. Nxd4 Nc5 32. Qc3 Na4 33. Qc2 Nc5 34. b4 axb4 35. axb4 Nb7 36. Ne6 Rf7 37. Qc3+ Kg8 38. Bf1 Nd6 39. h4 Rxe6 40. dxe6 Qxe6 41. Re1 Qf6 42. Qxf6 Rxf6 43. Rc1 Rf7 44. Bd3 Re7 45. Kf2 Kg7 46. Rc6 Kf6 47. Rc2 Nf7 48. b5 Ne5 49. Be2 Ke6 50. Rc1 Kd6 51. Rc2 Kd7 52. Rd2+ Kc8 53. Rc2 Nd7 54. Ra2 Nc5 55. Rc2 Kd7 56. Rd2+ Ke6 57. Bc4+ Kf6 58. Be2 Rd7 59. Ra2 Nb7 60. Rc2 Nd6 61. Bd3 Re7 62. Be2 Ke5 63. Bd3 Kd4 64. Be2 Nb7 65. Rd2+ Kc3 66. Rd3+ Kb4 67. Rd4+ Ka5 68. Rd1 Nd6 69. Ra1+ Kb4 70. Rb1+ Kc3 71. Rc1+ Kb2 72. Rd1 Re5 73. Rd2+ Kb3 74. Rd3+ Kb4 75. Rd5 Rxd5 0-1

[Event "FIDE-Online-Steinitz-Memorial-Women"]
[White "Kosteniuk, Alexandra"]
[Black "Stefanova, Antoaneta"]
[Site "Internet"]
[Round "18"]
[Annotator "RC"]
[Result "0-1"]
[Date "2020.05.17"]
[WhiteElo "2521"]
[BlackElo "2485"]
[PlyCount "58"]
[TimeControl "180+2"]

1. Nf3 d5 2. g3 g6 3. Bg2 Bg7 4. d4 Nf6 5. 0-0 0-0 6. c4 c6 7. Qb3 Qb6 8. Nc3 Bf5 9. cxd5 Qxb3 10. axb3 Nxd5 11. Ne5 Be6 12. Na4 Na6 13. Bd2 Ndb4 14. Bxb4 Nxb4 15. Nc5 Nc2 16. Nxe6 fxe6 17. Rad1 Nxd4 18. Rxd4 Bxe5 19. Re4 Bxb2 20. Rxe6 Bf6 21. e4 Kf7 22. Bh3 Bd4 23. Kg2 a5 24. f4 a4 25. f5 gxf5 26. Bxf5 a3 27. Rh6 Ke8 28. Rxh7 a2 29. Bg6+ Kd7 0-1

[Event "FIDE-Online-Steinitz-Memorial-Women"]
[White "Sebag, Marie"]
[Black "Khademalsharieh, Sarasadat"]
[Site "Internet"]
[Round "18"]
[Annotator "RC"]
[Result "0-1"]
[Date "2020.05.17"]
[WhiteElo "2482"]
[BlackElo "2431"]
[PlyCount "96"]
[TimeControl "180+2"]

1. e4 e5 2. Nf3 Nc6 3. Bb5 a6 4. Ba4 Nf6 5. 0-0 b5 6. Bb3 Bc5 7. a4 Rb8 8. c3 d6 9. d4 Bb6 10. a5 Ba7 11. h3 Bb7 12. Re1 0-0 13. Bg5 h6 14. Bh4 exd4 15. cxd4 g5 16. Bg3 Ne7 17. Nbd2 Ng6 18. Rc1 Rc8 19. Qc2 Kg7 20. d5 Nh5 21. Bh2 Nhf4 22. Nf1 c6 23. dxc6 Rxc6 24. Qd2 Rxc1 25. Qxc1 Qf6 26. Qd1 Qxb2 27. Ne3 Bxe4 28. h4 Bxe3 29. Rxe3 Rc8 30. Re1 Bxf3 31. Qxf3 Rc3 32. Re3 Rc1+ 33. Bd1 Nxh4 34. Qg4 Qa1 35. Bxf4 Rxd1+ 36. Kh2 Rh1+ 37. Kg3 Qf6 38. Re4 Nf5+ 39. Kf3 Nd4+ 40. Ke3 Re1+ 41. Kd3 Rxe4 42. Kxe4 Qxf4+ 43. Qxf4 gxf4 44. Kxd4 Kf6 45. Kd5 Ke7 46. Kc6 b4 47. Kb6 b3 48. Kxa6 b2 0-1

[Event "FIDE-Online-Steinitz-Memorial-Women"]
[White "Abdumalik, Zhansaya"]
[Black "Lagno, Kateryna"]
[Site "Internet"]
[Round "18"]
[Annotator "ChessBase"]
[Result "1/2-1/2"]
[Date "2020.05.17"]
[WhiteElo "2409"]
[BlackElo "2608"]
[PlyCount "143"]
[TimeControl "180+2"]

1. e4 e5 2. Nf3 Nc6 3. Bb5 Bb4 4. c3 Ba5 5. 0-0 Nge7 6. d4 exd4 7. Nxd4 0-0 8. Nxc6 bxc6 9. Bd3 d5 10. Qh5 f5 11. exd5 Nxd5 12. Bc2 Bb6 13. Nd2 Nf6 14. Qh4 Ba6 15. c4 Ne4 16. Qxd8 Raxd8 17. Nxe4 fxe4 18. b3 Rxf2 19. Rxf2 Rf8 20. Bf4 Rxf4 21. Raf1 Bc8 22. g3 Rxf2 23. Rxf2 Bf5 24. Bd1 e3 25. Re2 Bg4 26. Kf1 Bxe2+ 27. Kxe2 Bd4 28. Kd3 c5 29. Bf3 Kf7 30. Be2 Ke7 31. Bf3 Kd6 32. Be4 h6 33. Bf3 Ke5 34. h3 Kd6 35. Bg4 Be5 36. Kxe3 Bxg3 37. Ke4 g6 38. Be2 Be5 39. Bg4 Bd4 40. Bf3 Kc6 41. Bg4 Kb6 42. Kd5 h5 43. Be6 g5 44. Ke4 Ka5 45. Bf7 h4 46. Be6 Kb4 47. Kd3 Ka3 48. Kc2 Kxa2 49. Bf5 Ka3 50. Be6 Kb4 51. Bd7 a5 52. Be6 Be5 53. Bf5 a4 54. bxa4 Kxc4 55. Bd7 Kb4 56. Bc6 g4 57. hxg4 Bf4 58. Kb2 c4 59. Kc2 c3 60. a5 Kxa5 61. Kxc3 Kb6 62. Be4 Kc5 63. Kd3 h3 64. Ke2 Kd4 65. Bc6 Kc5 66. Bf3 Kb5 67. Kf2 c5 68. Be2+ Kb4 69. g5 Bxg5 70. Kg3 c4 71. Bxc4 Kxc4 72. Kxh3 1/2-1/2

[Event "FIDE-Online-Steinitz-Memorial-Women"]
[White "Paehtz, Elisabeth"]
[Black "Lei, Tingjie"]
[Site "Internet"]
[Round "18"]
[Annotator "RC"]
[Result "0-1"]
[Date "2020.05.17"]
[WhiteElo "2396"]
[BlackElo "2530"]
[PlyCount "138"]
[TimeControl "180+2"]

1. d4 Nf6 2. Nf3 d5 3. Bf4 c5 4. e3 Nc6 5. Nbd2 cxd4 6. exd4 Qb6 7. Nb3 Bf5 8. c3 e6 9. Bd3 Bxd3 10. Qxd3 Be7 11. 0-0 0-0 12. Rfe1 a5 13. Rab1 Ne4 14. Nbd2 Nxd2 15. Bxd2 a4 16. Re2 Rac8 17. Bg5 h6 18. Bxe7 Nxe7 19. a3 Ng6 20. g3 Rc7 21. h4 Qd6 22. Rbe1 Rfc8 23. h5 Nf8 24. Ne5 Qd8 25. Qf3 Qg5 26. Nd3 b6 27. Re5 Qd8 28. Qg4 Nh7 29. Nf4 Nf6 30. Qe2 Ne4 31. Kg2 Nd6 32. Qg4 Qf6 33. Nd3 Nc4 34. R5e2 Nd6 35. Qf4 Qxf4 36. Nxf4 Kf8 37. Nd3 Ne4 38. f3 Nf6 39. g4 Ke7 40. Kg3 Kd6 41. Ne5 Rb7 42. Kf4 Rh8 43. Rh2 Rc7 44. Ree2 Re7 45. Reg2 Nd7 46. g5 hxg5+ 47. Ke3 Nxe5 48. dxe5+ Kxe5 49. Rxg5+ Kf6 50. Rhg2 Rh7 51. f4 Re8 52. Kd4 Reh8 53. c4 Rxh5 54. Rxg7 Rh4 55. R7g4 Rxg4 56. Rxg4 Rh2 57. cxd5 Rxb2 58. dxe6 fxe6 59. Rg8 Rf2 60. Ke4 Re2+ 61. Kd4 Ra2 62. Rf8+ Kg6 63. Rb8 Rxa3 64. Rxb6 Kf5 65. Rb8 Ra1 66. Rf8+ Kg4 67. Rf6 a3 68. Kc3 Rb1 69. Rg6+ Kf3 0-1

[Event "FIDE-Online-Steinitz-Memorial-Women"]
[White "Cori T., Deysi"]
[Black "Tan, Zhongyi"]
[Site "Internet"]
[Round "18"]
[Annotator "RC"]
[Result "0-1"]
[Date "2020.05.17"]
[WhiteElo "2391"]
[BlackElo "2510"]
[PlyCount "98"]
[TimeControl "180+2"]

1. d4 Nf6 2. c4 e6 3. Nf3 d5 4. e3 c5 5. cxd5 exd5 6. Nc3 Nc6 7. Be2 Be6 8. 0-0 c4 9. Ne5 Bd6 10. f4 0-0 11. Bf3 a6 12. Kh1 Ne7 13. g4 b5 14. f5 Bc8 15. g5 Bxe5 16. dxe5 Nd7 17. Nxd5 Rb8 18. f6 Nxd5 19. fxg7 Kxg7 20. Qxd5 Qe7 21. Bd2 Kg8 22. Bc3 Nb6 23. Qd6 Qxd6 24. exd6 Bf5 25. Bf6 Bd3 26. Rf2 Nd7 27. Be7 Rfc8 28. Bd5 Bg6 29. h4 Rc5 30. e4 Re8 31. Raf1 Ne5 32. d7 Nxd7 33. Bxc5 Nxc5 34. Rxf7 Bxe4+ 35. Bxe4 Rxe4 36. Rc7 Rxh4+ 37. Kg2 Rg4+ 38. Kh3 Rxg5 39. Re1 Kf8 40. Rxh7 Nd3 41. Re6 Nf4+ 42. Kh4 Nxe6 43. Rh6 Re5 44. Kg4 Ke7 45. Rh7+ Kd6 46. Ra7 Nc5 47. Kf4 Re2 48. b4 cxb3 49. axb3 Rb2 0-1

[Event "FIDE-Online-Steinitz-Memorial-Women"]
[White "Lei, Tingjie"]
[Black "Lagno, Kateryna"]
[Site "Internet"]
[Round "19"]
[Annotator "ChessBase"]
[Result "0-1"]
[Date "2020.05.17"]
[WhiteElo "2530"]
[BlackElo "2608"]
[PlyCount "304"]
[TimeControl "180+2"]

1. e4 e5 2. Nf3 Nc6 3. Bb5 Bc5 4. 0-0 Nd4 5. Bc4 d6 6. c3 Nxf3+ 7. Qxf3 Nf6 8. d3 0-0 9. h3 c6 10. Bb3 Be6 11. Bc2 h6 12. Re1 Nh7 13. Qg3 f5 14. exf5 Bxf5 15. Be3 Bxe3 16. Qxe3 Qf6 17. Nd2 Ng5 18. Rad1 c5 19. Nf1 Rae8 20. Ng3 Bd7 21. Ne4 Qe7 22. Bb3+ Kh8 23. Nxg5 Qxg5 24. Qxg5 hxg5 25. Re3 Kh7 26. Rde1 Bc6 27. Bc2 Kh6 28. f3 b5 29. Kf2 a5 30. Kg3 b4 31. c4 a4 32. Bd1 Rf4 33. Be2 Ref8 34. Bf1 Rd4 35. Be2 Rdf4 36. Rh1 Kg6 37. Kf2 Rh8 38. Rg1 Rhf8 39. Ke1 Rh8 40. Kd2 Kf7 41. Bd1 Rf6 42. Rge1 Ke7 43. Bc2 Kd8 44. Kc1 Kc7 45. Kb1 Kb6 46. Bd1 Kc7 47. Kc1 Kb6 48. Kd2 Kc7 49. R3e2 Rh4 50. Re3 Rh8 51. Rh1 Rh4 52. Rg1 Rh8 53. Be2 Rh4 54. Bd1 Rh8 55. Bc2 Rh4 56. Ree1 Rh8 57. a3 b3 58. Bd1 Rh4 59. Kc3 Rh8 60. Be2 Rh4 61. Rh1 Rh8 62. Rh2 Rh4 63. Reh1 Rh8 64. Rd1 Rh4 65. Rhh1 Rh8 66. Rdf1 Rh4 67. Rf2 Rh8 68. Rg1 Rh4 69. Rgf1 Rh8 70. Rd1 Rh4 71. Bf1 Rh8 72. Re1 Rh4 73. Re3 Rh8 74. g3 Rhf8 75. Bg2 Bb7 76. Kd2 Bc6 77. Rf1 Bb7 78. Ke2 Bc6 79. Kf2 Bb7 80. Kg1 Bc6 81. Kh2 Bb7 82. Rf2 Bc6 83. Bh1 Bb7 84. Kg2 Bc6 85. Kg1 Bb7 86. Kf1 Bc6 87. Ke1 Bb7 88. Bg2 Bc6 89. Ke2 Bb7 90. Kd2 Bc6 91. Ke2 Bb7 92. Rf1 Bc6 93. Bh1 Bb7 94. Kf2 Bc6 95. Kg2 Bb7 96. Kh2 Bc6 97. g4 Bb7 98. Kg3 Rf4 99. Bg2 Rh8 100. Rh1 Rh4 101. Ree1 Bc6 102. Re3 Bb7 103. Rhe1 Bc6 104. Bf1 Bb7 105. Be2 Bc6 106. Bd1 Bb7 107. Rg1 Bc6 108. Ree1 Bb7 109. Be2 Bc6 110. Ref1 Bb7 111. Kh2 Bc6 112. Kg3 Bb7 113. Rh1 Bc6 114. Kf2 Bb7 115. Ke3 Bc6 116. Kd2 Bb7 117. Kc3 Bc6 118. Bd1 Bb7 119. Rf2 Bc6 120. Rhh2 Bb7 121. Rh1 Bc6 122. Kd2 Bb7 123. Rff1 Bc6 124. Ke3 Bb7 125. Kf2 Bc6 126. Be2 Bb7 127. Kg3 Bc6 128. Rd1 Bb7 129. d4 Rxd4 130. Rxd4 cxd4 131. Bd3 Kb6 132. Re1 Kc5 133. Rc1 Rh8 134. Be2 Rf8 135. Re1 d3 136. Bd1 Kxc4 137. Re3 Kd4 138. Re1 Rc8 139. h4 Rc1 140. hxg5 d2 141. Rf1 Ba6 142. Rh1 Be2 143. Bxe2 Rxh1 144. f4 exf4+ 145. Kxf4 d1=Q 146. Bxd1 Rxd1 147. Kf5 Rg1 148. Kg6 Rxg4 149. Kxg7 Rxg5+ 150. Kf6 Rg2 151. Ke6 Rxb2 152. Kxd6 Ra2 0-1